 Dungeon Sprint DCSS version 0.29-a0-344-ge2f44be95a (webtiles) character file.

Game seed: 3921068990233934949

42145 mhtbhm the Executioner (level 14, -5/165 HPs)
             Began as a Gargoyle Berserker on Apr 21, 2022.
             Was a High Priest of Trog.
             Killed from afar by Enefufer the pandemonium lord (45 damage)
             ... with an iron shot
             ... in the Dungeon (Sprint VII: "The Pits") on Apr 22, 2022.
             The game lasted 00:16:43 (5676 turns).

mhtbhm the Executioner (Gargoyle Berserker)         Turns: 5676, Time: 00:16:44

Health: -5/165     AC: 48    Str: 32    XL:     14   Next: 18%
Magic:  23/23      EV:  5    Int:  9    God:    Trog [*****.]
Gold:   57         SH: 14    Dex:  9    Spells: 13/13 levels left

rFire   + . .      SeeInvis .   a - +8 mithril axe "Arga" {speed, Will+}
rCold   + + +      Faith    .   C - +2 tower shield {rC+}
rNeg    + . .      Spirit   .   b - +2 gold dragon scales
rPois   ∞          Reflect  .   w - +0 helmet {Int+3}
rElec   +          Harm     .   F - +1 cloak
rCorr   .          Rampage  .   E - +2 pair of gloves {Str+3}
Will    ++...      NoTele   +   G - +1 pair of boots
Stlth   ..........              (no amulet)
HPRegen 0.37/turn               m - +3 ring of protection
MPRegen 0.18/turn               B - ring of Ynownug {rPois rC+++ MP+9 Str+3 Int-2}

@: berserking, flying, hasted, very quick
A: sickness immunity, AC +10, big wings, negative energy resistance 1,
electricity resistance, torment resistance 1, petrification resistance
a: Renounce Religion, Berserk, Trog's Hand, Brothers in Arms


You were in the Dungeon.
You worshipped Trog.
Trog was extremely pleased with you.
You visited 1 branch You collected 57 gold pieces.

Inventory:

Hand Weapons
 a - the +8 mithril axe "Arga" (weapon) {speed, Will+}
   (You found it in the Dungeon)

   Attacks with this weapon are significantly faster.
   Will:      It increases your willpower.
 l - the +9 eveningstar "Leviticus" {vorpal, Stlth+}
   (You found it in the Dungeon)

   It inflicts extra damage upon your enemies.
   Stlth:     It makes you more stealthy.
 z - the +9 battleaxe "Loyp" {flame, rPois rF+}
   (Trog gifted it to you in the Dungeon)

   It burns those it strikes, dealing additional fire damage.
   Big, fiery blades are also staple armaments of hydra-hunters.
   rF:        It protects you from fire.
   rPois:     It protects you from poison.
 D - the +6 executioner's axe of the Spectre {vorpal, rF+ rN+}
   (Trog gifted it to you in the Dungeon)

   It inflicts extra damage upon your enemies.
   rF:        It protects you from fire.
   rN:        It protects you from negative energy.
Missiles
 o - 7 javelins (quivered)
 x - 6 boomerangs
 y - 2 boomerangs of dispersal
Armour
 b - +2 gold dragon scales (worn)
 w - a +0 helmet of intelligence (worn)
 C - a +2 tower shield of cold resistance (worn)
 E - a +2 pair of gloves of strength (worn)
 F - a +1 cloak (worn)
 G - a +1 pair of boots (worn)
 H - a +2 pair of gloves of hurling
Jewellery
 m - a +3 ring of protection (left hand)
 s - a ring of positive energy
 t - a ring of see invisible
 u - a ring of fire
 B - the ring of Ynownug (right hand) {rPois rC+++ MP+9 Str+3 Int-2}
   (You found it in the Dungeon)

   [ring of magical power]

   Str:       It affects your strength (+3).
   Int:       It affects your intelligence (-2).
   rC:        It renders you almost immune to cold.
   rPois:     It protects you from poison.
   MP:        It affects your magic capacity (+9).
Scrolls
 h - 2 scrolls of blinking
 j - a scroll of summoning
 q - 2 scrolls of fog
 r - 3 scrolls of enchant weapon
 v - a scroll of identify
Potions
 c - 9 potions of curing
 d - 2 potions of heal wounds
 e - a potion of haste
 f - 4 potions of magic
 g - 4 potions of berserk rage
 i - a potion of invisibility
 k - a potion of attraction
 n - 4 potions of resistance
 p - 2 potions of mutation
Miscellaneous
 A - a phial of floods


   Skills:
 + Level 21.0 Fighting
 - Level 23.9 Axes
 + Level 18.5 Armour
 + Level 7.3 Dodging
 - Level 7.2 Stealth
 * Level 5.5 Shields
 + Level 2.1 Evocations


You had 13 spell levels left.
You didn't know any spells.
Your spell library was empty.

Dungeon Overview and Level Annotations

Branches:
Dungeon (1/1)

Altars:
Cheibriados
Dithmenos
Elyvilon
Fedhas
Gozag
Hepliaklqana
Makhleb
Nemelex Xobeh
Okawaru
Qazlal
Ru
Sif Muna
Trog
Wu Jian
Xom
Yredelemnul
Zin
The Shining One
Jiyva


Innate Abilities, Weirdness & Mutations

You are immune to sickness and miasma.
Your stone body is resilient. (AC +10)
You are immune to poison.
Your large and strong wings let you fly.
You resist negative energy. (rN+)
You are resistant to electric shocks. (rElec)
You are resistant to unholy torment.
You are immune to petrification.


Message History

Enefufer is heavily wounded.
Enefufer gestures at you. You block the iron shot.
You closely miss Enefufer.
Enefufer is heavily wounded.
You are standing in a thunderstorm.
You are struck by lightning!
You barely miss Enefufer.
Enefufer is heavily wounded.
You are standing in a thunderstorm.
You are struck by lightning!
You resist. Enefufer gestures at you.
The iron shot hits you but does no damage.
You barely miss Enefufer.
Enefufer is heavily wounded.
You are standing in a thunderstorm.
You slash Enefufer!
Enefufer is heavily wounded.
You are standing in a thunderstorm.
Enefufer hits you!
You slash Enefufer!
Enefufer is heavily wounded.
You are standing in a thunderstorm.
You are struck by lightning!
Enefufer hits you!
You slash Enefufer!
Enefufer is severely wounded.
You are standing in a thunderstorm.
You slice Enefufer like a ripe choko!!!
Enefufer is severely wounded.
You are standing in a thunderstorm.
Enefufer gestures at you. The iron shot hits you!!!
* * * LOW HITPOINT WARNING * * *
You hit Enefufer.
Enefufer is almost dead.
You are standing in a thunderstorm.
You closely miss Enefufer.
Enefufer is almost dead.
You are standing in a thunderstorm.
Enefufer sneers, "Embrace submission, thou tasty breakfast!"
Enefufer gestures at you. The iron shot hits you!!!
You die...

#+# #.# #&#
################@#
..........)......#
...............).#
'##############).#
....#[['...'.[#..#
)...#[[#...#[.#..#
.#######...####..#
...)#)........#..#
....).........#..#


You could see Enefufer (clouds).

Vanquished Creatures
  Polyphemus (D)
  A sphinx (D)
  A nagaraja (D)
  A frost giant (D)
  An orc warlord (D)
  A balrug (D)
  A minotaur (D)
  A blizzard demon (D)
  A yaktaur captain (D)
  2 eidola (D)
  A hydra (D)
  3 boulder beetles (D)
  A vault guard (D)
  2 merfolk avatars (D)
  A two-headed ogre (D)
  A naga warrior (D)
  A spriggan berserker (D)
  Urug (D)
  3 deep elf knights (D)
  2 fire crabs (D)
  A sun demon (D)
  3 shadow wraiths (D)
  A spriggan druid (D)
  A flayed ghost (D)
  8 orc knights (D)
  2 swamp dragons (D)
  5 harpies (D)
  A deep elf zephyrmancer (D)
  An elephant (D)
  2 eyes of devastation (D)
  3 molten gargoyles (D)
  An orange demon (D)
  An unseen horror (D)
  A rime drake (D)
  A guardian mummy (D)
  A komodo dragon (D)
  2 ice devils (D)
  A polar bear (D)
  A red devil (D)
  A merfolk (D)
  3 hornets (D)
  Prince Ribbit (D)
  A jumping spider (D)
  A vampire (D)
  A spriggan (D)
  A wyvern (D)
  A fire bat (D)
  4 redbacks (D)
  Edmund (D)
  A warg (D)
  A steam dragon (D)
  A floating eye (D)
  A swamp drake (D)
  3 wolves (D)
  2 bullfrogs (D)
  An earth elemental (D)
  A gnoll sergeant (D)
  A scorpion (D)
  A crimson imp (D)
  An iron imp (D)
  2 orc wizards (D)
  4 gnolls (D)
  2 adders (D)
  2 river rats (D)
  An ufetubus (D)
  8 orcs (D)
  A bat skeleton (D)
  A bat zombie (D)
  An endoplasm (D)
  A giant cockroach (D)
  2 goblins (D)
  2 hobgoblins (D)
  3 jackals (D)
  3 quokkas (D)
  A bat simulacrum (D)
  A giant cockroach zombie (D)
  A quokka simulacrum (D)
129 creatures vanquished.

Vanquished Creatures (collateral kills)
  An orc warlord (D)
  A deep elf annihilator (D)
  A merfolk javelineer (D)
  A vault guard (D)
  A two-headed ogre (D)
  2 deep elf knights (D)
  An orc knight (D)
  A smoke demon (D)
  An orange demon (D)
  A freezing wraith (D)
  A guardian mummy (D)
  An ice devil (D)
  2 merfolk (D)
  Grinder (D)
  2 wraiths (D)
  A sky beast (D)
  2 gnolls (D)
  A ball python (D)
  A ball python zombie (D)
23 creatures vanquished.

Vanquished Creatures (others)
  A vampire (D)
1 creature vanquished.

Grand Total: 153 creatures vanquished

Notes
Turn   | Place    | Note
-------+----------+-------------------------------------------
     0 | D        | mhtbhm the Gargoyle Berserker began the quest for the Orb.
     0 | D        | Reached XP level 1. HP: 14/14 MP: 1/1
    59 | D        | Reached skill level 3 in Axes
    60 | D        | Reached ** piety under Trog
   312 | D        | Reached XP level 2. HP: 20/20 MP: 2/2
   313 | D        | Reached *** piety under Trog
   363 | D        | Reached skill level 5 in Fighting
   373 | D        | Reached skill level 4 in Axes
   373 | D        | Reached XP level 3. HP: 26/26 MP: 3/3
   375 | D        | Reached **** piety under Trog
   382 | D        | Reached XP level 4. HP: 13/32 MP: 4/4
   653 | D        | Found a bloodstained altar of Trog.
   653 | D        | Found a shimmering blue altar of Sif Muna.
   653 | D        | Found a viscous altar of Jiyva.
   653 | D        | Found a hazy altar of Hepliaklqana.
   653 | D        | Found an opulent altar of Gozag.
   675 | D        | Noticed a gnoll sergeant
   675 | D        | Noticed Grinder
   677 | D        | Noticed a fire bat
   678 | D        | Reached ***** piety under Trog
   680 | D        | Reached skill level 5 in Axes
   680 | D        | Noticed a scorpion
   681 | D        | Killed a fire bat
   682 | D        | Reached skill level 7 in Axes
   682 | D        | Reached skill level 1 in Stealth
   682 | D        | Reached XP level 5. HP: 37/40 MP: 5/5
   689 | D        | Reached XP level 6. HP: 26/45 MP: 6/6
   696 | D        | Identified the +6 executioner's axe of the Spectre {vorpal,
                  | rF+ rN+} (Trog gifted it to you in the Dungeon)
   696 | D        | Received a gift from Trog
   697 | D        | Reached skill level 8 in Axes
   697 | D        | Reached skill level 5 in Armour
   704 | D        | Killed Grinder
   705 | D        | Reached skill level 10 in Fighting
   705 | D        | Reached skill level 9 in Axes
   705 | D        | Reached skill level 5 in Dodging
   705 | D        | Reached XP level 7. HP: 16/52 MP: 7/7
   906 | D        | Noticed Prince Ribbit
   915 | D        | Killed Prince Ribbit
   916 | D        | Reached skill level 10 in Axes
  1020 | D        | Noticed a boulder beetle
  1037 | D        | Killed a boulder beetle
  1038 | D        | Reached skill level 11 in Axes
  1038 | D        | Reached XP level 8. HP: 60/60 MP: 8/8
  1307 | D        | Noticed a hornet
  1307 | D        | Noticed an orange demon
  1318 | D        | Killed a hornet
  1319 | D        | Reached XP level 9. HP: 65/65 MP: 9/9
  1319 | D        | Received a gift from Trog
  1325 | D        | Killed an orange demon
  1326 | D        | Reached skill level 12 in Axes
  1504 | D        | Found a glowing golden altar of the Shining One.
  1504 | D        | Found a glowing silver altar of Zin.
  1504 | D        | Found a basalt altar of Yredelemnul.
  1504 | D        | Found a shimmering altar of Xom.
  1504 | D        | Found an ornate altar of the Wu Jian Council.
  1504 | D        | Found a sacrificial altar of Ru.
  1504 | D        | Found a stormy altar of Qazlal.
  1504 | D        | Found an iron altar of Okawaru.
  1504 | D        | Found a sparkling altar of Nemelex Xobeh.
  1504 | D        | Found a burning altar of Makhleb.
  1504 | D        | Found a blossoming altar of Fedhas.
  1504 | D        | Found a white marble altar of Elyvilon.
  1504 | D        | Found a shadowy altar of Dithmenos.
  1504 | D        | Found a snail-covered altar of Cheibriados.
  1528 | D        | Noticed a sun demon
  1534 | D        | Killed a sun demon
  1535 | D        | Reached skill level 10 in Armour
  1743 | D        | Noticed a komodo dragon
  1749 | D        | Killed a komodo dragon
  1750 | D        | Reached skill level 13 in Axes
  1805 | D        | Noticed a molten gargoyle
  1810 | D        | Killed a molten gargoyle
  1810 | D        | Reached ****** piety under Trog
  1957 | D        | Noticed a guardian mummy
  1963 | D        | Killed a guardian mummy
  1964 | D        | Reached XP level 10. HP: 64/73 MP: 10/10
  2008 | D        | Received a gift from Trog
  2114 | D        | Noticed a swamp dragon
  2120 | D        | Killed a swamp dragon
  2121 | D        | Reached skill level 14 in Axes
  2183 | D        | Noticed a two-headed ogre
  2188 | D        | Killed a two-headed ogre
  2207 | D        | Noticed an elephant
  2211 | D        | Killed an elephant
  2216 | D        | Received a gift from Trog
  2230 | D        | Killed a shadow wraith
  2231 | D        | Reached skill level 15 in Axes
  2245 | D        | Killed an unseen horror
  2442 | D        | Noticed a molten gargoyle
  2443 | D        | Noticed Polyphemus
  2443 | D        | Noticed a fire crab
  2464 | D        | Killed Polyphemus
  2465 | D        | Reached skill level 16 in Axes
  2465 | D        | Reached XP level 11. HP: 77/80 MP: 11/11
  2467 | D        | Reached skill level 15 in Fighting
  2472 | D        | Killed a fire crab
  2735 | D        | Noticed Edmund
  2736 | D        | Received a gift from Trog
  2741 | D        | Noticed Urug
  2747 | D        | Killed Edmund
  2749 | D        | Noticed a boulder beetle
  2754 | D        | Killed Urug
  2759 | D        | Killed a boulder beetle
  2760 | D        | Reached skill level 17 in Axes
  2764 | D        | Reached skill level 15 in Armour
  2765 | D        | Noticed a two-headed ogre
  2768 | D        | Received a gift from Trog
  2771 | D        | Killed a two-headed ogre
  2787 | D        | Killed a shadow wraith
  3001 | D        | Noticed a sphinx
  3007 | D        | Killed a sphinx
  3008 | D        | Reached skill level 18 in Axes
  3181 | D        | Noticed a nagaraja
  3181 | D        | Noticed a merfolk javelineer
  3181 | D        | Noticed a merfolk avatar
  3181 | D        | Noticed a blizzard demon
  3189 | D        | Killed a nagaraja
  3190 | D        | Reached XP level 12. HP: 76/90 MP: 12/12
  3194 | D        | Killed a merfolk avatar
  3201 | D        | Killed a blizzard demon
  3201 | D        | Received a gift from Trog
  3211 | D        | Killed a merfolk javelineer
  3212 | D        | Reached skill level 19 in Axes
  3521 | D        | Received a gift from Trog
  3614 | D        | Received a gift from Trog
  3995 | D        | Noticed a seven-headed hydra
  4001 | D        | Killed a nine-headed hydra
  4006 | D        | Received a gift from Trog
  4007 | D        | Reached skill level 20 in Axes
  4172 | D        | Noticed a boulder beetle
  4172 | D        | Noticed an eidolon
  4173 | D        | Noticed a spriggan berserker
  4174 | D        | Noticed a frost giant
  4174 | D        | Noticed an eidolon
  4180 | D        | Killed a boulder beetle
  4181 | D        | Received a gift from Trog
  4186 | D        | Killed a frost giant
  4187 | D        | Reached XP level 13. HP: 99/99 MP: 13/13
  4196 | D        | Killed an eidolon
  4196 | D        | Identified the +9 battleaxe "Loyp" {flame, rPois rF+} (Trog
                  | gifted it to you in the Dungeon)
  4196 | D        | Received a gift from Trog
  4198 | D        | Reached skill level 21 in Axes
  4207 | D        | Received a gift from Trog
  4216 | D        | Killed an eidolon
  4228 | D        | Reached skill level 22 in Axes
  4385 | D        | Got the ring of Ynownug {rPois rC+++ MP+9 Str+3 Int-2}
  4509 | D        | Noticed an orc warlord
  4509 | D        | Noticed an orc warlord
  4524 | D        | Killed an orc warlord
  4524 | D        | Received a gift from Trog
  4536 | D        | Killed an orc warlord
  4537 | D        | Reached skill level 23 in Axes
  4537 | D        | Reached skill level 5 in Stealth
  4893 | D        | Noticed a minotaur
  4914 | D        | Killed a minotaur
  4922 | D        | Received a gift from Trog
  4923 | D        | Reached skill level 1 in Evocations
  4928 | D        | Noticed a balrug
  4938 | D        | Killed a balrug
  4939 | D        | Gained mutation: Your large and strong wings let you fly.
                  | [Gargoyle growth]
  4939 | D        | Reached XP level 14. HP: 29/108 MP: 14/14
  4996 | D        | Found the +8 mithril axe "Arga" {speed, Will+}
  5006 | D        | Got the +9 eveningstar "Leviticus" {vorpal, Stlth+}
  5266 | D        | Noticed a deep elf annihilator
  5286 | D        | Reached skill level 1 in Shields
  5301 | D        | Killed a deep elf annihilator
  5302 | D        | Reached skill level 5 in Shields
  5659 | D        | Noticed Enefufer the pandemonium lord
  5676 | D        | Killed from afar by Enefufer the pandemonium lord

Illustrated notes

Levels and vault maps discovered:
D:        pitsprint [storerooms_1, entrance_room_1, metal_vault_6, armoury_2,
          mini_pit_1, grid_room_1, main_hall_1, silver_pit, the_coven_2,
          the_vestibule_1, steel_vault_5, golden_pit, hallway_of_sentries,
          crystal_vault_1, iron_vault_1, final_vault]

Skill      XL: |  1  2  3  4  5  6  7  8  9 10 11 12 13 14 |
---------------+-------------------------------------------+-----
Axes           | 3 4 7 9 11 13 16 18 20 23 | 23.9
Dodging        | 2 3 4 5 6 7 |  7.3
Fighting       | 4 5 6 8 10 11 13 14 16 18 20 21 | 21.0
Armour         | 3 4 6 8 9 11 14 16 17 18 | 18.5
Stealth        | 1 2 3 4 7 |  7.2
Evocations     | 1 2 |  2.1
Shields        | 5 |  5.5

Action                   |  1- 3 |  4- 6 |  7- 9 | 10-12 | 13-15 || total
-------------------------+-------+-------+-------+-------+-------++-------
Melee: Hand axe          |    39 |    21 |    44 |       |       ||   104
       Executioner's axe |       |       |     1 |    21 |    85 ||   107
       Punch             |       |       |     1 |       |       ||     1
       Broad axe         |       |       |    18 |   142 |    41 ||   201
Invok: Berserk           |     2 |     1 |     6 |     6 |     4 ||    19
       Brothers in Arms  |       |     1 |       |     3 |     9 ||    13
Evoke: Phial of floods   |       |       |       |       |     1 ||     1
  Use: Potion            |       |       |       |     5 |    10 ||    15
       Scroll            |       |       |       |     2 |     2 ||     4
 Stab: Invisible         |       |       |       |       |     9 ||     9
Armor: Animal skin       |     9 |       |       |       |       ||     9
       Chain mail        |       |     8 |    14 |       |       ||    22
       Plate armour      |       |       |     6 |   161 |    93 ||   260
       Gold dragon scale |       |       |       |       |     4 ||     4
Dodge: Dodged            |    12 |     7 |    27 |    88 |    48 ||   182
Block: Tower shield      |       |       |       |       |    18 ||    18

Table legend: (Time is in decaauts)
 A = Elapsed time spent in this place.
 B = Non-inter-level travel time spent in this place.
 C = Inter-level travel time spent in this place.
 D = Time resting spent in this place.
 E = Time spent auto-exploring this place.
 F = Levels seen in this place.
 G = Mean time per level.
                   A        B        C        D        E       F      G
               +--------+--------+--------+--------+--------+-----+--------+
         Total |   5743 |   5717 |     26 |   3622 |     79 |   1 | 5743.0 |
       Dungeon |   5743 |   5717 |     26 |   3622 |     79 |   1 | 5743.0 |
               +--------+--------+--------+--------+--------+-----+--------+

Top non-repeatable levels by time:
       D: 5743 daAuts
